 Dungeon Crawl Stone Soup version 0.30-a0-5-g3a90980b9d (webtiles) character file.

Game seed: 17999602600890441836

114 Plasmagod the Chopper (level 4, -3/39 HPs)
             Began as a Hill Orc Fighter on Aug 22, 2022.
             Slain by an orc
             ... wielding a +0 war axe
              (4 damage)
             ... on level 3 of the Dungeon.
             The game lasted 00:02:19 (1801 turns).

Plasmagod the Chopper (Hill Orc Fighter)            Turns: 1801, Time: 00:02:20

Health: -3/39      AC: 11    Str: 20    XL:     4   Next: 97%
Magic:  4/4        EV:  5    Int:  8    God:
Gold:   178        SH:  4    Dex: 10    Spells: 3/3 levels left

rFire   . . .      SeeInvis .    a - +0 war axe
rCold   . . .      Faith    .    c - +0 buckler
rNeg    . . .      Spirit   .    i - +0 plate armour
rPois   .          Reflect  .    (no helmet)
rElec   .          Harm     .    (no cloak)
rCorr   +          Rampage  .    (no gloves)
Will    .....                    (no boots)
Stlth   ..........               (no amulet)
HPRegen 0.13/turn                e - ring of resist corrosion
MPRegen 0.09/turn                (no ring)

@: mighty
A: no striking features
a: no special abilities


You were on level 3 of the Dungeon.
You visited 1 branch of the dungeon, and saw 3 of its levels.

You collected 178 gold pieces.

Inventory:

Hand Weapons
 a - a +0 war axe (weapon)
Armour
 c - a +0 buckler (worn)
 i - a +0 plate armour (worn)
Jewellery
 e - a ring of resist corrosion (left hand)
Scrolls
 b - a scroll of magic mapping {unknown}
 f - a scroll of enchant armour {unknown}
 g - a scroll of amnesia {unknown}
 j - a scroll of fear {unknown}
 k - 2 scrolls of teleportation {unknown}
 l - a scroll of enchant weapon {unknown}
 m - a scroll of butterflies {unknown}
 o - a scroll of identify {unknown}
Potions
 d - a potion of might
 h - a potion of ambrosia {unknown}
 n - a potion of heal wounds {unknown}


   Skills:
 - Level 3.6 Fighting
 + Level 6.6 Axes
 - Level 3.2 Armour
 - Level 3.2 Shields


You had 3 spell levels left.
You didn't know any spells.
Your spell library was empty.

Dungeon Overview and Level Annotations

Branches:
Dungeon (3/15)

Altars:

Annotations:
D:3 Sigmund


Message History

Sigmund gestures at you while chanting. You resist with some effort.
Things that are here:
a +0 dagger; 18 gold pieces You bump into the rock wall.
The orc hits you with a +0 hand axe.
* * * LOW HITPOINT WARNING * * *
Sigmund hits you but does no damage.
You barely miss Sigmund.
Sigmund is almost dead.
You closely miss the orc. The orc hits you but does no damage.
Sigmund barely misses you.
You slash the orc!
You kill the orc!
You miss Sigmund.
Sigmund casts a spell.
Sigmund flickers and vanishes!
The ball python bites you but does no damage.
The ball python grabs you. The ball python constricts you.
Things that are here:
a +0 hand axe; a +0 ring mail; a scroll labelled YDAOXU EDGHAU You completely miss something.
You miss the ball python. You completely miss something.
You feel less confused. Something hits you but does no damage.
The ball python bites you but does no damage.
The ball python constricts you. Something hits you but does no damage.
You closely miss something. You hit the orc. You slash the ball python!
You kill the ball python!
You hit something. Something hits you.
* * * LOW HITPOINT WARNING * * *
The orc hits you with a +0 war axe.
* * * LOW HITPOINT WARNING * * *
Something hits you but does no damage.
You miss something. You hit something. You barely miss the orc.
The orc barely misses you. Something completely misses you.
Something hits you but does no damage. The orc hits you but does no damage.
Something hits you but does no damage.
You miss something. x2; You closely miss the orc.
Something hits you but does no damage. x2; The orc hits you with a +0 war axe.
You die...

... .. # ..# .## #.
#..###.. #.##...#..#
##.........
..........#### .#.
#=.....†{...# #...
#..?..o@)# .## #...
#....>.).##..## ..#
#..........# .###.#
##.#.#####.# ....#
#.#.# #.# ###..####
#.#.# ##.###...)...#
#.#.####......#####.#
#.#.......#####
#.#.####..##


You could see an orc.

Vanquished Creatures
  6 adders
  A worm (D:2)
  A dart slug (D:2)
  2 orcs (D:3)
  3 endoplasms
  3 giant cockroaches
  2 goblins
  5 hobgoblins
  4 quokkas
  4 ball pythons
  4 bats
  11 frilled lizards
  3 kobolds
  11 rats
60 creatures vanquished.

Notes
Turn   | Place    | Note
-------+----------+-------------------------------------------
     0 | D:1      | Plasmagod the Hill Orc Fighter began the quest for the Orb.
     0 | D:1      | Reached XP level 1. HP: 19/19 MP: 1/1
    37 | D:1      | Reached skill level 3 in Axes
   189 | D:1      | Reached XP level 2. HP: 24/26 MP: 2/2
   375 | D:1      | Reached skill level 4 in Axes
   675 | D:1      | Found a faded altar of an unknown god.
   875 | D:2      | Reached XP level 3. HP: 30/31 MP: 3/3
  1011 | D:2      | Reached skill level 5 in Axes
  1135 | D:2      | Reached XP level 4. HP: 39/39 MP: 4/4
  1608 | D:2      | Reached skill level 6 in Axes
  1777 | D:3      | Noticed Sigmund
  1799 | D:3      | HP: 1/39 [orc/+0 war axe (3)]
  1801 | D:3      | Slain by an orc

Illustrated notes

Levels and vault maps discovered:
D:1:      mrwooster_arrival_statue_3, layout_loops_ring,
          ebering_ecumenical_altar_hall
D:2:      layout_basic, minmay_lizard_pond
D:3:      layout_rooms, serial_shops, nicolae_shop_waterfront, uniq_sigmund

Skill      XL: |  1  2  3  4 |
---------------+-------------+-----
Axes           | 3 4 5 6 |  6.6
Fighting       | |  3.6
Armour         | |  3.2
Shields        | |  3.2

Action                   |  1- 3 |  4- 6 || total
-------------------------+-------+-------++-------
Melee: War axe           |   101 |    60 ||   161
  Use: Potion            |       |     1 ||     1
Armor: Scale mail        |    17 |       ||    17
       Plate armour      |    51 |    73 ||   124
Dodge: Dodged            |    24 |    20 ||    44
Block: Buckler           |    21 |    10 ||    31

Table legend: (Time is in decaauts)
 A = Elapsed time spent in this place.
 B = Non-inter-level travel time spent in this place.
 C = Inter-level travel time spent in this place.
 D = Time resting spent in this place.
 E = Time spent auto-exploring this place.
 F = Levels seen in this place.
 G = Mean time per level.
                   A        B        C        D        E       F      G
               +--------+--------+--------+--------+--------+-----+--------+
         Total |   1847 |   1811 |     36 |      0 |   1427 |   3 |  615.7 |
       Dungeon |   1847 |   1811 |     36 |      0 |   1427 |   3 |  615.7 |
               +--------+--------+--------+--------+--------+-----+--------+

Top non-repeatable levels by time:
     D:2: 978 daAuts
     D:1: 808 daAuts
     D:3: 59 daAuts
